 Dungeon Sprint DCSS version 0.31-a0-117-g42d8f58691 (webtiles) character file.

Game seed: 5417036007629416517

60 rocky1 the Trooper (level 3, -9/37 HPs)
             Began as a Minotaur Fighter on May 31, 2023.
             Mangled by a water elemental (17 damage)
             ... in the Dungeon (Sprint III: "The Ten Rune Challenge").
             The game lasted 00:00:44 (380 turns).

rocky1 the Trooper (Minotaur Fighter)                Turns: 380, Time: 00:00:44

Health: -9/37      AC:  7    Str: 22    XL:     3   Next: 80%
Magic:  2/2        EV:  9    Int:  5    God:
Gold:   13         SH:  5    Dex:  9    Spells: 2/2 levels left

rFire   . . .        a - +0 flail
rCold   . . .        c - +0 buckler
rNeg    . . .        b - +0 scale mail
rPois   .            (helmet restricted)
rElec   .            (no cloak)
rCorr   .            (no gloves)
SInv    .            (no boots)
Will    .....        (no amulet) Stlth
                     (no ring)
HPRegen 0.26/turn    (no ring)
MPRegen 0.08/turn

%: no teleportation
@: engulfed (cannot breathe)
A: horns 2, retaliatory headbutt
a: no special abilities


You were in the Dungeon.
You visited 1 branch You collected 13 gold pieces.

Inventory:

Hand Weapons
 a - a +0 flail (weapon)
Armour
 b - a +0 scale mail (worn)
 c - a +0 buckler (worn)
Scrolls
 j - a scroll of blinking
 k - 2 scrolls of identify
 l - 3 scrolls of torment
 o - a scroll of immolation
Potions
 d - a potion of might
 e - a potion of curing
 f - a potion of heal wounds
 g - a potion of haste
 h - 2 potions of magic
 i - a potion of berserk rage
 m - 3 potions of enlightenment
 n - 6 potions of mutation


   Skills:
 + Level 6.0 Fighting
 + Level 4.3 Maces & Flails
 + Level 6.0 Armour
 + Level 0.1 Dodging
 + Level 5.7 Shields


You had 2 spell levels left.
You didn't know any spells.
Your spell library was empty.

Dungeon Overview and Level Annotations

Branches:
Dungeon (1/1)

Altars:


Innate Abilities, Weirdness & Mutations

You have a pair of horns on your head.
You reflexively headbutt those who attack you in melee.


Message History

Your Armour skill increases to level 6!
You see here a wolf corpse.
You start resting.
HP restored.
You open the door.
Found 13 gold pieces and 2 potions of mutation.
There is an open door here.
You now have 2 gold pieces.
You now have 13 gold pieces (gained 11).
l - 3 scrolls labelled GAUGELEUNU;
k - 2 scrolls of identify (gained 1)
m - a potion of enlightenment
Things that are here:
a potion of mutation; 2 potions of mutation
n - a potion of mutation;
n - 3 potions of mutation (gained 2)
n - 4 potions of mutation (gained 1);
o - a scroll labelled GUUPIO DAPS
k - 4 scrolls of identify (gained 2);
n - 6 potions of mutation (gained 2)
m - 3 potions of enlightenment (gained 2)
There is an open door here.
Okay, then.
As you read the scroll of identify, it crumbles to dust.
l - 3 scrolls of torment
As you read the scroll of identify, it crumbles to dust.
o - a scroll of immolation You enter the shallow water.
Moving in this stuff is going to be slow.
You open the door.
A water elemental comes into view.
You barely miss the water elemental. The water elemental barely misses you.
The water elemental hits you!
The water elemental engulfs you in water!
You hit the water elemental. You headbutt the water elemental.
The water elemental is lightly damaged.
Your lungs strain for air!
The water elemental hits you.
You hit the water elemental. You headbutt the water elemental!
The water elemental is heavily damaged.
* * * LOW HITPOINT WARNING * * *
Your lungs strain for air!
The water elemental hits you!
You die...

▓▓▓▓▓▓▓▓▓▓▓ ▓▓▓
<.#..'....♣♣♣ ♣.#
..#..#......♣ ♣♣.#
#'####.....♣♣ ♣..#
.†...#....~.♣♣♣..# #+#+#
.....#...~~♣..♣..#......
....)#†.~~~~♣♣♣♣@E.⌠....
####'#..~≈≈~~~...#...###
..)..#.~~≈~~~....# ⌠.#
.....#.~≈~~~.....# .#
.....#.~~~.......# #
'#####...........#
.................#
▓▓▓▓▓▓▓▓▓▓▓▓▓▓▓▓▓▓


You could see a water elemental.

Vanquished Creatures
  Jessica (D)
  A human (D)
  A wolf (D)
  An endoplasm (D)
  A rat (D)
5 creatures vanquished.

Notes
Turn   | Place    | Note
-------+----------+-------------------------------------------
     0 | D        | rocky1 the Minotaur Fighter began the quest for the Orb.
     0 | D        | Reached XP level 1. HP: 19/19 MP: 0/0
    22 | D        | Noticed Jessica
    30 | D        | Killed Jessica
    31 | D        | Reached skill level 5 in Fighting
    31 | D        | Reached skill level 5 in Armour
    31 | D        | Reached skill level 5 in Shields
    31 | D        | Reached XP level 2. HP: 15/29 MP: 1/1
   126 | D        | Reached XP level 3. HP: 27/37 MP: 2/2
   376 | D        | Noticed a water elemental
   380 | D        | Mangled by a water elemental

Illustrated notes

Levels and vault maps discovered:
D:        dungeon_sprint_mu [sprint_mu_entry_forest, sprint_mu_temple_rooms,
          sprint_mu_d1_spiders, sprint_mu_d2_genie, sprint_mu_d3_branching,
          sprint_mu_orc_legion, sprint_mu_elf_gauntlet, sprint_mu_hive_nellie,
          sprint_mu_lair_fedhas, sprint_mu_vaults_butterflies,
          sprint_mu_slime_circle, sprint_mu_swamp_cave, sprint_mu_snake_twists,
          sprint_mu_blade_basic, sprint_mu_crypt_lich, sprint_mu_tomb_spiral,
          sprint_mu_vestibule_basic, sprint_mu_gehenna_hellfire,
          sprint_mu_dis_giant, sprint_mu_tartarus_statrot,
          sprint_mu_cocytus_islands, sprint_mu_zot1]

Skill      XL: |  1  2  3 |
---------------+----------+-----
Fighting       | 5 6 |  6.0
Armour         | 5 6 |  6.0
Shields        | 5 |  5.7
Maces & Flails | 3 4 |  4.3
Dodging        | |  0.1

Action                     || total
---------------------------++-------
  Melee: Flail             ||    36
         Headbutt          ||     4
    Use: Scroll            ||     2
 Armour: Scale mail        ||     9
  Dodge: Dodged            ||    14
  Block: Buckler           ||    12

Table legend: (Time is in decaauts)
 A = Elapsed time spent in this place.
 B = Non-inter-level travel time spent in this place.
 C = Inter-level travel time spent in this place.
 D = Time resting spent in this place.
 E = Time spent auto-exploring this place.
 F = Levels seen in this place.
 G = Mean time per level.
                   A        B        C        D        E       F      G
               +--------+--------+--------+--------+--------+-----+--------+
         Total |    392 |    392 |      0 |    253 |     16 |   1 |  392.0 |
       Dungeon |    392 |    392 |      0 |    253 |     16 |   1 |  392.0 |
               +--------+--------+--------+--------+--------+-----+--------+

Top non-repeatable levels by time:
       D: 392 daAuts
